 Dungeon Crawl Stone Soup version 0.20-a0-809-gaf7f668 (webtiles) character file.

194245 polly the Peltast (level 18, -11/119 HPs)
             Began as a Gargoyle Fighter on Mar 3, 2017.
             Was the Champion of Okawaru.
             Mangled by an alligator snapping turtle (29 damage)
             ... on level 4 of the Shoals on Mar 4, 2017.
             The game lasted 01:20:47 (35787 turns).

polly the Peltast (Gargoyle Fighter)               Turns: 35787, Time: 01:20:48

Health: -11/119    AC: 35    Str: 24    XL:     18   Next: 29%
Magic:  18/18      EV: 23    Int: 14    God:    Okawaru [******]
Gold:   1114       SH: 17    Dex: 22    Spells: 7/17 levels left

rFire    . . .     SeeInvis +   a - +9 flail "Hurugim" {flame, Str+3}
rCold    . . .     Gourm    .   n - +8 scale mail of Spring Thaw {rCorr}
rNeg     + . .     Faith    +   c - +0 shield
rPois    ∞         Spirit   .   P - +0 helmet
rElec    +         Reflect  .   (no cloak)
rCorr    +         Harm     .   G - -2 pair of gloves of Space {+Fly Int+4 Dex-2 SInv} (curse)
MR       +....                  O - +0 pair of boots {run}
Stlth    +++.......             J - amulet of faith
Regen    0.3/turn               (no ring)
MPRegen  0.2/turn               L - +4 ring of dexterity

@: agile, engulfed, flying, quick
A: big wings, yellow scales 1, negative energy resistance 1, electricity
resistance, wild magic 1, unbreathing, petrification resistance, rot immunity,
AC +13
}: 1/15 runes: barnacled
a: Stop Flying, Heroism, Finesse, Renounce Religion


You were on level 4 of the Shoals.
You worshipped Okawaru.
Okawaru was exalted by your worship.
You were hungry.

You visited 6 branches of the dungeon, and saw 29 of its levels.

You collected 2580 gold pieces.
You spent 1466 gold pieces at shops.

Inventory:

Hand Weapons
 a - the +9 flail "Hurugim" (weapon) {flame, Str+3}
   (Okawaru gifted it to you on level 2 of the Orcish Mines)

   It has been specially enchanted to burn those struck by it, causing extra
   injury to most foes and up to half again as much damage against particularly
   susceptible opponents.
   It affects your strength (+3).
 M - a +6 whip of electrocution
Missiles
 S - 2 tomahawks of dispersal
 V - 8 throwing nets (quivered)
Armour
 c - a +0 shield (worn)
 n - the +8 scale mail of Spring Thaw (worn) {rCorr}
   (You found it on level 7 of the Dungeon)

   It protects you from acid and corrosion.
 o - the +0 pair of boots of the Exiled Continents {Int+6}
   (You bought it in a shop on level 7 of the Dungeon)

   It affects your intelligence (+6).
 G - the cursed -2 pair of gloves of Space (worn) {+Fly Int+4 Dex-2 SInv}
   (You bought it in a shop on level 2 of the Orcish Mines)

   It affects your intelligence (+4).
   It affects your dexterity (-2).
   It lets you see invisible.
   It lets you fly.
   It has a curse placed upon it.
 O - a +0 pair of boots of running (worn)
 P - a +0 helmet (worn)
 Z - the scarf of Damatiy {-Tele +Fly rN+ MR++}
   (Okawaru gifted it to you on level 14 of the Dungeon)

   It protects you from negative energy.
   It affects your resistance to hostile enchantments.
   It lets you fly.
   It prevents most forms of teleportation.
Jewellery
 b - an uncursed ring of protection from cold
 D - an uncursed ring of protection from fire
 J - an amulet of faith (around neck)
 L - a +4 ring of dexterity (left hand)
Wands
 R - a wand of polymorph (11/24)
 X - a wand of digging (10/24)
Scrolls
 d - 4 scrolls of blinking
 j - 13 scrolls of remove curse
 m - 9 scrolls of recharging
 s - 2 scrolls of magic mapping
 u - 2 scrolls of teleportation
 v - a scroll of fog
 w - 6 scrolls of amnesia
 x - 4 scrolls of immolation
 y - 9 scrolls of enchant armour
 F - 2 scrolls of silence
 H - a scroll of torment
 K - 2 scrolls of summoning {unknown}
 Q - a scroll of vulnerability {unknown}
 T - 3 scrolls of random uselessness {unknown}
 U - a scroll of brand weapon {unknown}
 W - 5 scrolls of enchant weapon
Potions
 h - 2 potions of brilliance
 l - 4 potions of mutation
 p - 3 potions of resistance
 q - 3 potions of agility
 t - a potion of might
 A - a potion of cancellation
 E - 7 potions of haste
 N - a potion of invisibility {unknown}
 Y - a potion of magic {unknown}
Books
 r - a book of Transfigurations

   Spells                             Type                      Level
   a - Irradiate                      Conjuration/Transmutation    5
   b - Statue Form                    Transmutation/Earth          6
   c - Hydra Form                     Transmutation                6
   d - Dragon Form                    Transmutation                7
 B - a book of the Sky

   Spells                             Type                      Level
   a - Summon Lightning Spire         Summoning/Air                4
   b - Silence                        Hexes/Air                    5
   c - Deflect Missiles               Charms/Air                   6
   d - Conjure Ball Lightning         Conjuration/Air              6
   e - Tornado                        Air                          9
 I - a book of Battle

   Spells                             Type                      Level
   a - Infusion                       Charms                       1
   b - Shroud of Golubria             Charms/Translocation         2
   c - Song of Slaying                Charms                       2
   d - Spectral Weapon                Hexes/Charms                 3
   e - Regeneration                   Charms/Necromancy            3
Miscellaneous
 z - a lightning rod (1/4)
Comestibles
 f - 15 bread rations
 i - 15 meat rations
 k - 22 fruits
 C - 11 royal jellies


   Skills:
 + Level 15.5 Fighting
 + Level 15.3 Maces & Flails
 + Level 1.0 Throwing
 + Level 12.8 Armour
 + Level 9.2 Dodging
 - Level 4.4 Stealth
 + Level 19.7 Shields


You had 7 spell levels left.
You knew the following spells:

 Your Spells              Type           Power        Failure   Level  Hunger
a - Song of Slaying       Chrm           #.......     88%         2    ###....
b - Regeneration          Chrm/Necr      #.........   99%         3    ####...
c - Silence               Hex/Air        #.........   100%        5    ######.


Dungeon Overview and Level Annotations

Branches:
Dungeon (15/15)            Temple (1/1) D:7            Lair (6/6) D:9
 Shoals (4/4) Lair:3       Spider (0/4) Lair:3        Slime (0/5) Lair:5
    Orc (2/2) D:11            Elf (1/3) Orc:2        Vaults (0/5) D:14
 Depths (0/5) D:15

Altars:
Ashenzari
Cheibriados
Dithmenos
Elyvilon
Fedhas
Gozag
Hepliaklqana
Kikubaaqudgha
Makhleb
Nemelex Xobeh
Okawaru
Qazlal
Ru
Sif Muna
Trog
Uskayaw
Vehumet
Wu Jian
Xom
Yredelemnul
Zin
The Shining One
Beogh

Shops:
D:7 =(*   D:10 ***   D:12 }   D:15 [   Orc:2 }?%[:   Shoals:3 *

Portals:
Pandemonium: Orc:2

Annotations:
Shoals:4 Ilsuiw


Innate Abilities, Weirdness & Mutations

You are resistant to torment.
Your stone body is resilient. (AC +13)
You are immune to poison.
Your large and strong wings let you fly indefinitely.
You resist negative energy. (rN+)
You are resistant to electric shocks. (rElec)
You can survive without breathing.
You are immune to petrification.
You are immune to rotting.
You are partially covered in yellow scales. (AC +2)
Your spells are a little harder to cast, but a little more powerful.


Message History

Ilsuiw gestures wildly while chanting.
You sock Ilsuiw! You burn Ilsuiw.
Ilsuiw is heavily wounded.
The water elemental disappears in a puff of smoke!
You hit Ilsuiw. You burn Ilsuiw.
Ilsuiw is severely wounded.
You block Ilsuiw's attack.
The alligator snapping turtle misses you.
The water elemental hits you.
You hit Ilsuiw. You burn Ilsuiw.
Ilsuiw is severely wounded.
You block the water elemental's attack. x2
The merfolk siren blubbers, "Waaaaaa!"
Ilsuiw hits you but does no damage. The water elemental hits you.
* * * LOW HITPOINT WARNING * * *
The water elemental engulfs you in water!
You hit Ilsuiw. You burn Ilsuiw.
Ilsuiw is severely wounded.
The alligator snapping turtle bites you from afar!!
You die...

.≈≈≈≈≈≈≈≈≈≈(.
≈≈≈φm≈≈≈≈≈≈≈≈≈≈≈≈≈≈≈≈≈≈≈
P≈≈≈≈≈#≈#≈≈≈≈≈≈≈≈≈≈≈≈≈≈≈
# ≈≈≈≈≈#≈#≈≈≈≈≈≈≈≈≈≈≈≈≈≈≈
#≈ P≈≈≈≈≈c≈≈≈≈≈≈≈≈≈≈≈≈≈(≈
≈≈P##≈≈PP≈≈≈≈≈≈≈≈≈≈≈≈≈≈≈≈
≈≈P≈P≈≈≈t≈≈≈≈≈≈≈≈≈≈≈≈≈≈≈≈
≈≈≈≈≈≈≈EEm≈≈≈≈≈≈≈≈≈≈≈≈≈≈≈
≈≈≈.(.≈)@E≈≈≈≈≈≈≈≈≈≈≈≈≈≈≈
≈≈≈...≈≈≈)≈≈####≈≈≈≈≈≈≈≈≈
.≈.....≈≈≈≈##≈≈≈≈#≈≈≈≈≈≈≈
.≈.....(≈≈##≈≈≈≈#≈#≈.≈≈≈≈
≈≈.....≈[##≈≈#≈≈≈#≈≈≈≈≈≈≈
≈≈≈....≈≈#≈≈#≈#≈≈≈≈#≈≈≈≈≈
≈≈≈≈≈≈≈.P#≈≈≈≈≈#≈≈≈#≈≈≈≈≈
≈≈≈≈≈PmP≈# m≈≈≈≈#≈≈#≈≈≈≈≈
##≈≈≈≈≈


You could see Ilsuiw (invisible), an alligator snapping turtle, a faun
(fleeing), 3 water elementals and 2 merfolk sirens.

Vanquished Creatures
  The ghost of w00t the Warrior, a journeyman DrFi of Vehumet (Lair:6)
  An orc warlord (Orc:2)
  An entropy weaver (shapeshifter) (D:14)
  A stone giant (Orc:1)
  A dire elephant (D:15)
  Snorg (D:11)
  An ogre mage (D:15)
  11 merfolk impalers
  Josephine (D:13)
  4 merfolk javelineers
  A great orb of eyes (D:15)
  An ice dragon (D:14)
  9 hydras
  3 centaur warriors
  An alligator snapping turtle (Shoals:3)
  Harold (D:11)
  3 catoblepae (Lair:6)
  6 merfolk aquamancers
  4 satyrs
  11 two-headed ogres
  18 death yaks
  4 merfolk avatars
  2 tengu warriors (D:15)
  6 orc high priests (Orc:2)
  An iron troll (D:14)
  Nergalle (Lair:4)
  A sun demon (Orc:2)
  Sonja (Orc:2)
  6 skeletal warriors
  4 unseen horrors
  16 sea snakes
  A wizard (D:14)
  16 harpies
  Pikel (D:7)
  A torturous demonspawn (Orc:2)
  6 deep elf magi
  7 orc knights
  2 necromancers
  7 orc sorcerers
  A wolf spider (D:15)
  5 ugly things
  11 manticores
  3 cyclopes
  13 fauns
  17 elephants
  A rust devil (Orc:2)
  6 black mambas
  3 water nymphs
  13 spiny frogs
  A torpor snail (Lair:4)
  12 merfolk sirens
  2 gargoyles
  An orange demon (Orc:2)
  A rime drake (Lair:3)
  3 centaur skeletons
  12 komodo dragons
  An efreet (D:15)
  4 harpy zombies (Shoals:3)
  3 trolls
  A hornet (D:8)
  29 merfolk
  A troll (shapeshifter) (D:13)
  A polar bear (Lair:6)
  5 wind drakes
  3 slime creatures (D:14)
  17 blink frogs
  6 dream sheep
  10 snapping turtles
  17 hippogriffs
  A ynoxinul (Orc:2)
  A centaur simulacrum (D:14)
  2 vampires (D:12)
  4 water elementals
  A wyvern (Lair:2)
  73 yaks
  6 wraiths
  2 shadows
  A human (D:7)
  2 basilisks
  3 hungry ghosts
  A chaos spawn (Orc:2)
  A steam dragon (D:11)
  3 hogs (D:7)
  4 vampire mosquitoes (D:13)
  Menkaure (D:4)
  3 wargs
  2 acid dragons (D:12)
  15 water moccasins
  13 porcupines
  6 ice beasts
  36 orc warriors
  An eye of draining (D:14)
  2 sky beasts
  A black bear (shapeshifter) (D:15)
  A slave (D:7)
  2 elephant zombies (Lair:3)
  4 phantoms
  3 black bears
  4 wolves (Lair:6)
  18 ogres
  23 centaurs
  14 crocodiles
  2 big kobolds
  Blork the orc (D:4)
  28 bullfrogs
  A gnoll sergeant (D:10)
  2 scorpions
  7 killer bees
  12 wights
  7 electric eels
  8 jellies
  12 howler monkeys
  3 bullfrog zombies
  6 crimson imps
  5 centaur zombies
  A quasit (D:6)
  19 orc priests
  A basilisk zombie (Lair:3)
  6 hounds
  14 orc wizards
  A bullfrog skeleton (D:4)
  9 iguanas
  A gnoll shaman (D:8)
  Natasha (thrice) (D:4)
  2 hell rats (D:9)
  14 worker ants
  2 crocodile zombies (Lair:3)
  2 hound skeletons
  A worker ant zombie (D:11)
  12 gnolls
  A river rat (D:9)
  13 adders
  7 shadow imps
  5 oozes
  2 adder skeletons
  3 worms
  3 dart slugs
  4 leopard geckos
  75 orcs
  5 giant cockroaches
  8 goblins
  14 hobgoblins
  10 jackals
  12 kobolds
  10 quokkas
  7 bats
  4 frilled lizards
  2 leopard gecko skeletons (D:4)
  2 quokka skeletons
  A quokka zombie (D:5)
  14 rats
  3 fungi (Lair:6)
  2 plants
1010 creatures vanquished.

Vanquished Creatures (others)
  2 slaves (D:7)
  A sky beast (D:7)
  A howler monkey (D:7)
  A crimson imp (D:7)
  2 orcs
  8 fungi
  59 plants
74 creatures vanquished.

Grand Total: 1084 creatures vanquished

Notes
Turn   | Place    | Note
-------+----------+-------------------------------------------
     0 | D:1      | polly the Gargoyle Fighter began the quest for the Orb.
     0 | D:1      | Reached XP level 1. HP: 14/14 MP: 1/1
   100 | D:1      | Reached XP level 2. HP: 19/19 MP: 2/2
   459 | D:1      | Reached XP level 3. HP: 21/24 MP: 3/3
  1191 | D:2      | Reached XP level 4. HP: 29/29 MP: 4/4
  1203 | D:2      | HP: 1/29 [gnoll/spear (7)]
  1521 | D:2      | HP: 1/29 [kobold/short sword of draining (3)]
  2190 | D:2      | Reached XP level 5. HP: 31/33 MP: 5/5
  2527 | D:3      | Reached skill level 4 in Shields
  3438 | D:4      | Noticed Menkaure
  3445 | D:4      | Killed Menkaure
  3445 | D:4      | Reached skill level 1 in Dodging
  3445 | D:4      | Reached XP level 6. HP: 28/38 MP: 6/6
  3540 | D:4      | Reached skill level 5 in Maces & Flails
  3672 | D:4      | Reached XP level 7. HP: 35/44 MP: 7/7
  3754 | D:4      | Noticed Natasha
  3760 | D:4      | Killed Natasha
  3813 | D:4      | Reached skill level 5 in Shields
  3841 | D:4      | Noticed Natasha
  3869 | D:4      | Killed Natasha
  3980 | D:4      | Noticed Blork the orc
  3990 | D:4      | Killed Blork the orc
  4024 | D:5      | Entered Level 5 of the Dungeon
  4174 | D:5      | Reached skill level 5 in Armour
  4174 | D:5      | Reached XP level 8. HP: 38/48 MP: 8/8
  4262 | D:5      | Reached skill level 5 in Fighting
  4963 | D:4      | Noticed Natasha
  5266 | D:4      | Killed Natasha
  5680 | D:6      | Reached skill level 6 in Shields
  5910 | D:6      | Reached XP level 9. HP: 44/54 MP: 9/9
  6061 | D:6      | Found a sparkling altar of Nemelex Xobeh.
  6062 | D:6      | Found a snail-covered altar of Cheibriados.
  6071 | D:6      | Found an ancient bone altar of Kikubaaqudgha.
  6246 | D:7      | Noticed Pikel
  6284 | D:7      | Killed Pikel
  6410 | D:7      | Reached skill level 7 in Shields
  6763 | D:7      | Reached XP level 10. HP: 52/61 MP: 10/10
  6844 | D:7      | Got an ancient scale mail
  6855 | D:7      | Identified the +8 scale mail of Spring Thaw {rCorr} (You found it on level 7 of the Dungeon)
  6906 | D:7      | Reached skill level 8 in Shields
  7159 | D:7      | Found Ylit's Jewellery Emporium.
  7169 | D:7      | Found Byczoock's Antique Weapon Emporium.
  7177 | D:7      | Found Kusiklyerr's Assorted Antiques.
  7201 | D:7      | Bought a viscous white potion for 22 gold pieces
  7201 | D:7      | Bought a scroll labeled QUADEOWOARUN for 25 gold pieces
  7201 | D:7      | Bought a pair of faintly glowing boots for 237 gold pieces
  7201 | D:7      | Bought a scroll labeled CUUPRILAUPS for 25 gold pieces
  7201 | D:7      | Bought a scroll labeled PEMEDY IRECHEU for 25 gold pieces
  7201 | D:7      | Bought a metallic cyan potion for 22 gold pieces
  7206 | D:7      | Identified the +0 pair of boots of the Exiled Continents {Int+6} (You bought it in a shop on level 7 of the Dungeon)
  7519 | D:7      | Found a staircase to the Ecumenical Temple.
  7543 | Temple   | Entered the Ecumenical Temple
  7992 | D:8      | Reached skill level 1 in Stealth
  8022 | D:8      | Identified a +0 pair of boots of running (You found it on level 8 of the Dungeon)
  8055 | D:8      | Found a shattered altar of Ashenzari.
  8077 | D:8      | Found a bloodstained altar of Trog.
  8077 | D:8      | Found a glowing golden altar of the Shining One.
  8082 | D:8      | Found a blossoming altar of Fedhas.
  8084 | D:8      | Found an iron altar of Okawaru.
  8085 | D:8      | Found a faded altar of an unknown god.
  8091 | D:8      | Became a worshipper of Warmaster Okawaru
  8470 | D:9      | Found a hide-covered altar of Uskayaw.
  8508 | D:9      | Noticed a death yak
  8512 | D:9      | Noticed a death yak
  8514 | D:9      | Noticed a death yak
  8530 | D:9      | Killed a death yak
  8530 | D:9      | Reached * piety under Okawaru
  8530 | D:9      | Reached skill level 10 in Maces & Flails
  8560 | D:10     | Entered Level 10 of the Dungeon
  8560 | D:10     | Found Zyema's Demolitions Depot.
  8739 | D:10     | Reached skill level 9 in Shields
  8749 | D:10     | Killed a death yak
  8999 | D:10     | Noticed a two-headed ogre
  9011 | D:9      | Killed a death yak
  9011 | D:9      | Reached XP level 11. HP: 55/68 MP: 11/11
  9133 | D:9      | Found a staircase to the Lair.
  9206 | D:9      | Noticed a two-headed ogre
  9223 | D:9      | Killed a two-headed ogre
  9223 | D:9      | Reached ** piety under Okawaru
  9240 | D:9      | Noticed a two-headed ogre
  9250 | D:9      | Killed a two-headed ogre
  9274 | D:9      | Found a glowing golden altar of the Shining One.
  9794 | D:9      | Noticed a two-headed ogre
  9805 | D:9      | Killed a two-headed ogre
  9805 | D:9      | Reached *** piety under Okawaru
  9867 | D:10     | Reached skill level 10 in Shields
  9887 | D:10     | Received a gift from Okawaru
  9970 | D:10     | Found Vuphakh's Assorted Antiques.
  9970 | D:10     | Found Pitawae's Assorted Antiques.
 10049 | D:10     | Reached **** piety under Okawaru
 10068 | D:10     | Bought a metallic cyan potion for 28 gold pieces
 10073 | D:10     | Bought a scroll labeled PEMEDY IRECHEU for 28 gold pieces
 10073 | D:10     | Bought a scroll labeled OTEAWE JADOANG for 28 gold pieces
 10073 | D:10     | Bought a murky amethyst potion for 25 gold pieces
 11146 | D:11     | Noticed Harold
 11162 | D:11     | Killed Harold
 11162 | D:11     | Reached XP level 12. HP: 75/75 MP: 12/12
 11197 | D:11     | Reached ***** piety under Okawaru
 11218 | D:11     | Reached skill level 11 in Shields
 11265 | D:11     | Received a gift from Okawaru
 11423 | D:11     | Noticed Snorg
 11461 | D:11     | Killed Snorg
 11921 | D:11     | Found a staircase to the Orcish Mines.
 12340 | D:12     | Received a gift from Okawaru
 12340 | D:12     | Reached skill level 12 in Shields
 12806 | D:12     | Reached XP level 13. HP: 81/81 MP: 13/13
 12808 | D:12     | Found Xyuteleg's Gadget Emporium.
 12815 | D:12     | You fall through a shaft for 2 floors!
 13055 | D:13     | Noticed Josephine
 13094 | D:13     | Reached skill level 10 in Armour
 13094 | D:13     | Reached skill level 5 in Dodging
 13311 | D:13     | Reached skill level 10 in Fighting
 13549 | D:13     | Reached skill level 13 in Shields
 13755 | D:13     | Killed Josephine
 13822 | D:13     | Reached ****** piety under Okawaru
 15248 | D:14     | Noticed a storm dragon
 15249 | D:14     | Noticed an entropy weaver
 15249 | D:14     | a storm dragon changed into an entropy weaver
 15268 | D:14     | Killed an entropy weaver
 15268 | D:14     | Gained mutation: Your large and strong wings let you fly indefinitely. [Gargoyle growth]
 15268 | D:14     | Reached XP level 14. HP: 74/88 MP: 14/14
 15353 | D:14     | Received a gift from Okawaru
 15366 | D:14     | Reached skill level 14 in Shields
 15558 | D:14     | Found a gate to the Vaults.
 15636 | D:15     | Entered Level 15 of the Dungeon
 15950 | D:14     | Received a gift from Okawaru
 15954 | D:14     | Got a shimmering scarf {god gift}
 15965 | D:14     | Identified the scarf of Damatiy {-Tele +Fly rN+ MR++} (Okawaru gifted it to you on level 14 of the Dungeon)
 16249 | D:15     | Gained mutation: Your magical capacity is low. (-10% MP) [a neqoxec]
 16413 | D:15     | Found Tuvan's Armour Boutique.
 16473 | D:15     | Reached skill level 1 in Throwing
 16481 | D:15     | Gained mutation: Your muscles are strong. (Str +2) [mutagenic meat]
 16482 | D:15     | Gained mutation: You are frail. (-10% HP) [mutagenic meat]
 16483 | D:15     | Lost mutation: Your muscles are strong. (Str +2) [mutagenic meat]
 16484 | D:15     | Gained mutation: You expend magic power (3 MP) to strengthen your wands. [mutagenic meat]
 16485 | D:15     | Gained mutation: You can translocate small distances at will. [mutagenic meat]
 16486 | D:15     | Lost mutation: Your magical capacity is low. (-10% MP) [potion of mutation]
 16486 | D:15     | Lost mutation: You can translocate small distances at will. [potion of mutation]
 16486 | D:15     | Lost mutation: You are frail. (-10% HP) [potion of mutation]
 16486 | D:15     | Lost mutation: You expend magic power (3 MP) to strengthen your wands. [potion of mutation]
 16486 | D:15     | Gained mutation: Your spells are a little harder to cast, but a little more powerful. [potion of mutation]
 16486 | D:15     | Gained mutation: You are partially covered in yellow scales. (AC +2) [potion of mutation]
 17316 | D:15     | Found a staircase to the Depths.
 17316 | D:15     | Noticed a dire elephant
 17372 | D:15     | Killed a dire elephant
 17634 | D:15     | Reached skill level 15 in Shields
 18012 | Lair:1   | Entered Level 1 of the Lair of Beasts
 18751 | Lair:1   | Received a gift from Okawaru
 18989 | Lair:2   | Reached XP level 15. HP: 87/96 MP: 15/15
 19934 | Lair:3   | Found a shimmering altar of Xom.
 20055 | Lair:3   | Found a staircase to the Shoals.
 20100 | Lair:3   | Found a hole to the Spider Nest.
 20809 | Lair:4   | Received a gift from Okawaru
 21132 | Lair:4   | Got a warped ring mail
 21143 | Lair:4   | Identified the cursed +1 ring mail of Vampiric Thralls {Str-4 Int+4 Dex+4} (You found it on level 4 of the Lair of Beasts)
 21192 | Lair:4   | Noticed Nergalle
 21209 | Lair:4   | Killed Nergalle
 21223 | Lair:4   | Reached skill level 16 in Shields
 21394 | Lair:4   | Received a gift from Okawaru
 21764 | Lair:5   | Found a staircase to the Slime Pits.
 22673 | Lair:6   | Entered Level 6 of the Lair of Beasts
 22673 | Lair:6   | Noticed w00t's ghost (journeyman DrFi)
 23083 | Lair:6   | Killed w00t's ghost
 23083 | Lair:6   | Received a gift from Okawaru
 23089 | Lair:6   | Got a steaming chain mail {god gift}
 23100 | Lair:6   | Identified the +3 chain mail of Trumpets {Regen+} (Okawaru gifted it to you on level 6 of the Lair of Beasts)
 23625 | Lair:5   | Reached XP level 16. HP: 42/104 MP: 16/16
 23921 | Lair:5   | HP: 4/104 [death yak (17)]
 24677 | Lair:6   | Reached skill level 17 in Shields
 25196 | Lair:6   | Received a gift from Okawaru
 25824 | Orc:1    | Entered Level 1 of the Orcish Mines
 26092 | Orc:1    | Received a gift from Okawaru
 26135 | Orc:1    | Found a roughly hewn altar of Beogh.
 26355 | Orc:2    | Entered Level 2 of the Orcish Mines
 26355 | Orc:2    | Found a staircase to the Elven Halls.
 26371 | Orc:2    | Noticed Sonja
 26429 | Orc:2    | Killed Sonja
 26884 | Orc:2    | Found Efucaen's Quality Used Wands.
 26928 | Orc:2    | Found a roughly hewn altar of Beogh.
 27148 | Orc:2    | Found Ucyqyvad's Food Boutique.
 27149 | Orc:2    | Found Toacyth's Magic Scroll Shop.
 28310 | Orc:2    | Reached skill level 18 in Shields
 28339 | Orc:2    | Received a gift from Okawaru
 28366 | Orc:2    | Got a crude flail {god gift}
 28367 | Orc:2    | Identified the +9 flail "Hurugim" {flame, Str+3} (Okawaru gifted it to you on level 2 of the Orcish Mines)
 28512 | Orc:2    | Found Woexygal's Book Emporium.
 28512 | Orc:2    | Found Segag's Antique Armour Shoppe.
 28513 | Orc:2    | Found a one-way gate leading to the halls of Pandemonium.
 28517 | Orc:2    | Bought a pair of scorched gloves for 171 gold pieces
 28528 | Orc:2    | Identified the cursed -2 pair of gloves of Space {+Fly Int+4 Dex-2 SInv} (You bought it in a shop on level 2 of the Orcish Mines)
 28530 | Orc:2    | Bought a book of Battle for 560 gold pieces
 28603 | Orc:2    | Learned a level 2 spell: Song of Slaying
 28607 | Orc:2    | Learned a level 3 spell: Regeneration
 28649 | Orc:2    | Bought a scroll of enchant weapon for 135 gold pieces
 28649 | Orc:2    | Bought a scroll of enchant weapon for 135 gold pieces
 28747 | Elf:1    | Entered Level 1 of the Elven Halls
 29237 | Shoals:1 | Entered Level 1 of the Shoals
 29320 | Shoals:1 | Reached XP level 17. HP: 53/111 MP: 17/17
 29715 | Shoals:1 | HP: 3/111 [barbs]
 30144 | Shoals:1 | Received a gift from Okawaru
 31201 | Shoals:2 | Received a gift from Okawaru
 32232 | Shoals:3 | Reached skill level 15 in Maces & Flails
 32423 | Shoals:3 | Found Xogip's General Store.
 32583 | Shoals:4 | Entered Level 4 of the Shoals
 32592 | Shoals:4 | Noticed Ilsuiw
 33046 | Shoals:4 | Received a gift from Okawaru
 33068 | Shoals:4 | HP: 3/112 [manticore/volley of spikes (10)]
 33077 | Shoals:3 | Reached skill level 19 in Shields
 33487 | Shoals:3 | Reached skill level 15 in Fighting
 33668 | Shoals:3 | Received a gift from Okawaru
 34795 | Shoals:4 | Reached XP level 18. HP: 116/119 MP: 18/18
 35405 | Shoals:4 | Got a barnacled rune of Zot
 35633 | Shoals:4 | Learned a level 5 spell: Silence
 35787 | Shoals:4 | Mangled by an alligator snapping turtle

Vault maps used:
D:1:      lightli_arrival_quake, serial_glass, glass_columns_b, glass_columns_a,
          due_unseen_surprise
D:2:      first_bread, minmay_rat_gold_closets
D:4:      uniq_menkaure, uniq_blork_the_orc, uniq_natasha
D:6:      minitemple, minmay_crystal_room
D:7:      minmay_temple_entry_purple_smoke, serial_shops, shop, shop, shop,
          grunt_livestock, uniq_pikel
D:8:      ashenzari_conservatory_becter, chequers_temple_overflow_minitemple,
          serial_park_tiny_1
D:9:      eat_drink_and_be_merry_uskayaw, dpeg_lair_monsters, lemuel_tele_altar
D:10:     serial_shops, nicolae_shop_stone, shop, nicolae_blasting_shop
D:11:     orc_0_dummy, uniq_snorg, uniq_harold
D:12:     serial_shops, nicolae_shop_window_shopping, nooodl_food_tri
D:13:     uniq_josephine
D:14:     david_vaults_4, minmay_misc_feat_iff
D:15:     hangedman_depths_entry_try_elsewhere_first, serial_shops, shop,
          minmay_variable_closet
Temple:   nicolae_temple_figure_eight
Lair:1:   cheibrodos_lair_reptile_den
Lair:2:   wad_woods_river_01, infiniplex_staircase_pool
Lair:3:   pond_and_an_island_with_a_cottage, minmay_shoals_entry_hut,
          spider_nest_entry_web_field, basic_altar, beast_lair_carwin_2,
          serial_bayou_shore_b, serial_bayou_shore_b
Lair:4:   uniq_nergalle
Lair:5:   nicolae_slime_entry_slimehenge, st_stairs_12
Lair:6:   evilmike_catoblepas_cave, lemuel_fruit_tree, lemuel_fruit_fields
Shoals:1: cheibrodos_shoals_oceanic_diplomacy, abandoned_shop
Shoals:2: st_sunken_temple
Shoals:3: serial_shops, nicolae_shop_statue_plus, nicolae_shoals_undead_eyrie
Shoals:4: shoals_end_grunt_garden, shoals_ilsuiw_alternative
Orc:1:    basic_altar
Orc:2:    pf_orc_diabolical, basic_altar, nicolae_for_you_no_charge, uniq_sonja
Elf:1:    eino_elf_arrival_the_gate, hangedman_corner_corridor

Skill      XL: |  1  2  3  4  5  6  7  8  9 10 11 12 13 14 15 16 17 |
---------------+----------------------------------------------------+-----
Maces & Flails | 3 4 5 6 7 9 10 11 12 13 14 15 | 15.3
Shields        | 4 5 6 7 9 10 12 13 15 16 18 19 | 19.7
Armour         | 4 5 6 7 8 9 10 11 12 | 12.8
Fighting       | 4 5 6 7 8 9 10 12 13 14 15 | 15.5
Dodging        | 1 2 3 4 5 6 7 8 9 |  9.2
Stealth        | 2 3 4 |  4.4
Throwing       | 1 |  1.0

Action                   |  1- 3 |  4- 6 |  7- 9 | 10-12 | 13-15 | 16-18 || total
-------------------------+-------+-------+-------+-------+-------+-------++-------
Melee: Flail             |   100 |   292 |   380 |       |       |   854 ||  1626
       Whip              |       |       |    87 |   843 |  2231 |  1204 ||  4365
Throw: Throwing net      |       |       |       |     5 |     4 |     2 ||    11
Invok: Heroism           |       |       |       |       |     2 |       ||     2
 Abil: Fly               |       |       |       |       |     1 |       ||     1
Evoke: Wand              |       |       |       |       |     2 |     4 ||     6
       Sack of spiders   |       |       |       |       |       |     4 ||     4
       Lightning rod     |       |       |       |       |       |     3 ||     3
  Use: Potion            |       |     1 |     3 |     2 |     9 |    11 ||    26
       Scroll            |       |       |    10 |       |    21 |    10 ||    41
 Stab: Distracted        |       |       |       |     1 |     2 |     1 ||     4
       Held in net/web   |       |       |       |     2 |     2 |     4 ||     8
       Sleeping          |       |       |       |       |     4 |       ||     4
  Eat: Chunk             |       |     8 |     8 |    19 |    40 |    34 ||   109
       Royal jelly       |       |     1 |       |       |       |     3 ||     4
       Fruit             |       |       |     3 |     4 |       |       ||     7
Armor: Scale mail        |    21 |       |       |   292 |   652 |   571 ||  1536
       Chain mail        |    30 |   228 |   261 |       |       |       ||   519
Dodge: Dodged            |    31 |    89 |    96 |   256 |   565 |   716 ||  1753
Block: Shield            |    42 |   175 |   230 |   459 |   902 |  1368 ||  3176
